 Dungeon Crawl Stone Soup version 0.28-a0-514-g0d7ab7f379 (webtiles) character file.

Game seed: 3124432099638381772

41191 Squid the Cleaver (level 13, -1/178 HPs)
             Began as a Minotaur Berserker on Sept 21, 2021.
             Was an Elder of Trog.
             Engulfed by a merfolk aquamancer's steam (2 damage)
             ... on level 1 of the Shoals on Sept 22, 2021.
             The game lasted 00:37:01 (14109 turns).

Squid the Cleaver (Minotaur Berserker)             Turns: 14109, Time: 00:37:01

Health: -1/178     AC: 26    Str: 32    XL:     13   Next: 78%
Magic:  4/4        EV:  2    Int:  4    God:    Trog [****..]
Gold:   747        SH: 30    Dex: 11    Spells: 12/12 levels left

rFire   . . .      SeeInvis .   x - +7 war axe (antimagic)
rCold   . . .      Faith    +   v - +18 shield of the Gong {rElec rN+ Will+ EV-5}
rNeg    + + +      Spirit   .   (armour currently unavailable)
rPois   +          Reflect  .   (helmet currently unavailable)
rElec   +          Harm     .   (cloak currently unavailable)
rCorr   .          Rampage  .   (gloves currently unavailable)
Will    +++..      NoTele   +   (boots currently unavailable)
Stlth   +.........              m - amulet of faith
HPRegen 1.39/turn               a - ring of flight
MPRegen 0.09/turn               w - +6 ring of strength

@: mighty, tree-form, strong-willed, on berserk cooldown, regenerating, very
slow
A: stationary, stasis, torment immunity, boosted hp, (horns 2), (retaliatory
headbutt)
a: Renounce Religion, Berserk, Trog's Hand, Brothers in Arms


You were on level 1 of the Shoals.
You worshipped Trog.
Trog was greatly pleased with you.
You were a tree.
You visited 3 branches of the dungeon, and saw 13 of its levels.
You also visited: Ossuary.

You collected 811 gold pieces.
You spent 64 gold pieces at shops.

Inventory:

Hand Weapons
 x - a +7 antimagic war axe (weapon)
Armour
 c - a +0 chain mail (melded)
 f - a +0 pair of gloves (melded)
 o - a +0 pair of boots of rampaging (melded)
 q - a +0 hat (melded)
 v - the +18 shield of the Gong (worn) {rElec rN+ Will+ EV-5}
   (You acquired it on level 8 of the Dungeon)

   It is deafeningly noisy when blocking attacks.
   EV:        It affects your evasion (-5).
   rElec:     It insulates you from electricity.
   rN:        It protects you from negative energy.
   Will:      It increases your willpower.
Jewellery
 a - a ring of flight (left branch)
 m - an amulet of faith (around neck)
 w - a +6 ring of strength (right branch)
Wands
 e - a wand of flame (28)
 p - a wand of mindburst (8) (quivered)
Scrolls
 d - a scroll of magic mapping
 k - 6 scrolls of identify
 l - a scroll of teleportation
Potions
 b - 2 potions of invisibility
 g - a potion of might
 n - 2 potions of lignification
 s - a potion of berserk rage


   Skills:
 + Level 12.8 Fighting
 + Level 13.3 Axes
 + Level 12.9 Armour
 + Level 11.9 Dodging
 + Level 12.5 Shields


You had 12 spell levels left.
You didn't know any spells.
Your spell library was empty.

Dungeon Overview and Level Annotations

Branches:
Dungeon (9/15)             Temple (0/1) D:4            Lair (3/6) D:9
 Shoals (1/4) Lair:3        Snake (0/4) Lair:3      Ossuary (visited)
    Orc: D:9-12

Altars:
Dithmenos
Makhleb
Qazlal
Ru
Sif Muna
Trog
Vehumet
Zin

Shops:
D:4 *   D:5 !([

Portals:
Abyss: Lair:2

Annotations:
D:1 4 exclusions
Lair:2 2 transporters, exclusion: spriggan rider, snackwell's ghost, journeyman SpEn


Innate Abilities, Weirdness & Mutations

You are a tree.
Your roots penetrate the ground, keeping you stationary.
You cannot be teleported.
You are immune to unholy pain and torment.
Your maximum health is greatly increased.
Your equipment is partially melded.
((You have a pair of horns on your head.))
((You reflexively headbutt those who attack you in melee.))


Message History

The sea snake bites you but does no damage.
You feel better.
The faun splashes around in the water.
The wind drake exhales a fierce blast of wind!
The monsters around you are blown away!
Unknown command.
You feel better. The wind drake flaps its wings at you.
The air twists around and strikes you.
* * * LOW HITPOINT WARNING * * *
The merfolk siren chants a haunting song.
You resist with almost no effort. You block the sea snake's attack.
GONNNNG!
The faun unwields a +0 club.
The faun wields a +0 hunting sling.
The faun shoots a sling bullet.
GONNNNG!
You block the sling bullet.
The merfolk aquamancer hits you but does no damage.
The wind drake exhales a fierce blast of wind!
The merfolk aquamancers and the sea snake are blown away by the wind.
The faun violently stops moving!
You slice the manticore!!
The manticore is heavily wounded.
The merfolk aquamancer points at you and mumbles some strange words.
The ball of steam hits you!!
* * * LOW HITPOINT WARNING * * *
The merfolk siren chants a haunting song.
You resist with almost no effort. You block the manticore's attack.
SHROANNG!
The manticore claws you but does no damage.
You block the manticore's attack.
BONNNG!
The faun shoots a sling bullet.
The sling bullet hits you but does no damage.
You hear a shout!
You slice the manticore!!
You kill the manticore!
Trog accepts your kill.
You slice the wind drake!!
You are engulfed in a cloud of scalding steam.
You die...

,***,,≈≈≈≈≈≈P≈PP≈≈≈≈≈≈≈≈≈≈**+**,≈
,,**,≈≈≈≈≈≈≈≈≈≈≈≈≈≈≈≈≈≈≈≈.*,_,*,≈
,,,,,≈≈≈≈≈≈≈≈≈≈≈≈≈≈≈≈≈≈≈≈.**,**,,
,,,,,≈≈≈≈≈≈≈≈≈≈...,.≈≈≈≈≈.,***,,,
≈,>,,≈≈≈≈≈≈≈≈≈..#**..≈≈≈≈≈≈,,,,,,
,,,,≈≈≈≈≈≈≈≈≈≈.#* *.≈≈≈≈≈.,,**,,,
,≈≈≈≈≈≈≈≈≈≈≈≈≈.####.≈≈≈≈≈.,,,,,,≈
≈≈≈≈≈≈≈≈≈≈≈≈≈≈.k#§).≈≈≈≈≈.,≈,,,≈≈
≈≈≈≈≈≈≈≈≈≈≈≈≈≈≈≈♣)≈≈≈≈≈≈≈≈≈≈,,≈≈≈
≈≈≈≈≈≈≈≈≈≈≈≈≈≈≈≈§≈≈≈≈≈≈≈≈≈≈≈≈≈≈≈≈
≈≈≈≈≈≈≈≈≈≈≈≈≈≈≈§≈≈≈≈≈≈≈≈≈≈≈≈≈≈≈≈≈
≈≈≈≈≈≈≈≈≈≈≈≈≈m≈§mSc≈≈≈≈≈≈≈≈≈≈≈≈≈≈
≈≈≈≈≈≈≈≈≈≈≈≈≈≈m≈m≈≈≈≈≈≈≈≈≈≈≈≈≈≈≈≈
≈≈≈≈≈≈≈≈≈≈≈≈≈≈≈≈≈≈≈≈≈≈≈≈≈≈≈≈≈≈≈≈≈
≈≈≈≈≈≈≈≈≈≈≈≈≈≈≈≈≈≈≈≈≈≈≈≈≈≈≈≈≈≈≈≈≈
≈≈≈≈≈≈≈≈≈≈≈≈≈≈≈≈≈≈≈≈≈≈≈≈≈≈≈≈≈≈≈≈≈
≈≈≈≈≈≈≈≈≈≈≈≈≈≈≈≈≈≈≈≈≈≈≈≈≈≈≈≈≈≈≈≈≈


You could see a sea snake, 3 merfolk aquamancers, a wind drake (repels
missiles), a faun and a merfolk siren.

Vanquished Creatures
  Mlioglotl (Shoals:1)
  Gastronok (Lair:1)
  The ghost of Umoon the Warmonger, a journeyman TrDe of Okawaru (Lair:3)
  3 hydras
  A merfolk aquamancer (Shoals:1)
  2 two-headed ogres
  5 elephants (Lair:3)
  A manticore (Shoals:1)
  A water nymph (Shoals:1)
  2 black mambas
  A merfolk siren (Lair:3)
  5 cane toads
  A rime drake (Lair:3)
  8 komodo dragons
  A troll (D:7)
  A polar bear (Lair:2)
  5 merfolk (Shoals:1)
  5 blink frogs (Lair:1)
  A shadow (D:9)
  3 water elementals (Shoals:1)
  28 yaks
  5 wyverns
  4 basilisks
  A steam dragon (D:7)
  Menkaure (D:4)
  3 acid dragons
  4 nagas (Lair:3)
  8 water moccasins
  4 black bears
  An orc warrior (D:5)
  2 sky beasts (D:7)
  A necrophage (D:6)
  3 wolves (Lair:2)
  An ogre (D:7)
  4 centaurs
  A kobold brigand (D:9)
  15 bullfrogs
  2 scorpions (D:5)
  5 killer bees (D:7)
  14 wights
  A bullfrog zombie (D:6)
  4 centaur zombies (D:8)
  A centaur skeleton (D:5)
  7 hounds
  2 jellies
  A gnoll shaman (D:8)
  6 orc priests
  A bullfrog skeleton (D:7)
  3 iguanas
  9 orc wizards
  A scorpion zombie (D:5)
  12 mummies (Ossuary)
  A hound skeleton (D:5)
  Robin (D:4)
  7 adders
  7 gnolls
  A shadow imp (D:7)
  An ufetubus (D:6)
  4 worms
  24 orcs
  10 endoplasms
  4 giant cockroaches
  12 goblins
  6 hobgoblins
  5 jackals
  15 kobolds
  A quokka (D:1)
  10 ball pythons
  6 bats
  2 frilled lizards
  2 gnoll skeletons (Ossuary)
  3 goblin skeletons (Ossuary)
  2 kobold skeletons (Ossuary)
  An orc skeleton (Ossuary)
  3 rats (D:3)
  11 rat skeletons (Ossuary)
  3 bushes (Lair:1)
346 creatures vanquished.

Vanquished Creatures (collateral kills)
  A merfolk impaler (Lair:3)
  2 hydras
  A rime drake (Lair:3)
  A water moccasin (Lair:3)
5 creatures vanquished.

Vanquished Creatures (others)
  3 bushes (Lair:1)
  23 fungi
  35 plants
  4 tentacles (Shoals:1)
65 creatures vanquished.

Grand Total: 416 creatures vanquished

Notes
Turn   | Place    | Note
-------+----------+-------------------------------------------
     0 | D:1      | Squid the Minotaur Berserker began the quest for the Orb.
     0 | D:1      | Reached XP level 1. HP: 19/19 MP: 0/0
   275 | D:1      | Reached skill level 4 in Axes
   275 | D:1      | Reached XP level 2. HP: 15/27 MP: 1/1
   768 | D:1      | Found a faded altar of an unknown god.
  1230 | D:2      | Reached XP level 3. HP: 33/33 MP: 2/2
  1238 | D:2      | Reached ** piety under Trog
  1412 | D:2      | Reached skill level 1 in Shields
  1636 | D:2      | Reached XP level 4. HP: 20/41 MP: 3/3
  2855 | D:3      | Found a glowing silver altar of Zin.
  2949 | D:3      | Found a shimmering blue altar of Sif Muna.
  3182 | D:4      | Found Kidomo's Assorted Antiques.
  3187 | D:4      | Bought a scroll labelled REWOAHE RYSEH for 32 gold pieces
  3187 | D:4      | Bought a scroll labelled YPTUGIV YNGU for 32 gold pieces
  3281 | D:4      | Reached XP level 5. HP: 41/47 MP: 4/4
  3337 | D:4      | Reached skill level 5 in Axes
  3629 | D:4      | Noticed Robin
  3629 | D:4      | Noticed a black bear
  3642 | D:4      | Killed a black bear
  3643 | D:4      | Reached skill level 5 in Fighting
  3643 | D:4      | Reached XP level 6. HP: 56/56 MP: 5/5
  3653 | D:4      | Killed Robin
  3738 | D:4      | Noticed Menkaure
  3744 | D:4      | Killed Menkaure
  3805 | D:4      | Reached XP level 7. HP: 38/61 MP: 6/6
  4045 | D:4      | Reached *** piety under Trog
  4118 | D:4      | Found a staircase to the Ecumenical Temple.
  4385 | D:5      | Entered Level 5 of the Dungeon
  4521 | D:5      | Found Nuek Qygh's Armour Boutique.
  4533 | D:5      | Reached skill level 6 in Axes
  4622 | D:5      | Found Dosesiut's Antique Weapon Boutique.
  4649 | D:5      | Reached skill level 5 in Armour
  4701 | D:5      | Found a sand-covered staircase.
  4705 | Ossuary  | Entered an ossuary
  5151 | Ossuary  | Reached **** piety under Trog
  5152 | Ossuary  | Reached XP level 8. HP: 70/70 MP: 7/7
  5599 | D:5      | Reached skill level 5 in Dodging
  5679 | D:5      | Found a stormy altar of Qazlal.
  5791 | D:5      | Found Ryvug's Distillery.
  5931 | D:5      | Found a burning altar of Makhleb.
  6221 | D:6      | Reached skill level 5 in Shields
  6308 | D:6      | Found a bloodstained altar of Trog.
  6312 | D:6      | Reached skill level 7 in Axes
  6312 | D:6      | Found a shadowy altar of Dithmenos.
  6765 | D:7      | Reached XP level 9. HP: 56/79 MP: 8/8
  6880 | D:7      | Noticed a two-headed ogre
  6890 | D:7      | Killed a two-headed ogre
  6891 | D:7      | Reached skill level 8 in Axes
  6934 | D:7      | Noticed a troll
  6949 | D:7      | Killed a troll
  7346 | D:7      | Found a radiant altar of Vehumet.
  7837 | D:8      | Found a sacrificial altar of Ru.
  7902 | D:8      | Reached XP level 10. HP: 89/89 MP: 9/9
  7961 | D:8      | Reached skill level 9 in Axes
  7991 | D:8      | Identified a scroll of acquirement
  7991 | D:8      | Acquired the +18 shield of the Gong {rElec rN+ Will+ EV-5}
  7991 | D:8      | Found the +18 shield of the Gong {rElec rN+ Will+ EV-5}
  8017 | D:8      | Upgraded the game from 0.28-a0-511-gcc94558de3 to
                  | 0.28-a0-514-g0d7ab7f379
  8201 | D:8      | Noticed a two-headed ogre
  8210 | D:8      | Killed a two-headed ogre
  8631 | D:9      | Reached ***** piety under Trog
  9445 | D:9      | Reached skill level 10 in Axes
  9453 | D:9      | Reached XP level 11. HP: 92/99 MP: 10/10
  9486 | D:9      | Found a staircase to the Lair.
  9781 | Lair:1   | Entered Level 1 of the Lair of Beasts
  9809 | Lair:1   | Reached skill level 10 in Fighting
  9821 | Lair:1   | Noticed an eight-headed hydra
  9836 | Lair:1   | Killed a 14-headed hydra
  9864 | Lair:1   | Reached skill level 10 in Armour
 10231 | Lair:1   | Noticed a four-headed hydra
 10242 | Lair:1   | Killed an eight-headed hydra
 10243 | Lair:1   | Reached skill level 11 in Axes
 10243 | Lair:1   | Reached skill level 10 in Shields
 10244 | Lair:1   | Noticed a four-headed hydra
 10255 | Lair:1   | Killed a seven-headed hydra
 10392 | Lair:1   | Noticed Gastronok
 10404 | Lair:1   | Killed Gastronok
 10944 | Lair:2   | Reached skill level 12 in Axes
 10944 | Lair:2   | Reached skill level 10 in Dodging
 10944 | Lair:2   | Reached XP level 12. HP: 29/110 MP: 11/11
 10987 | Lair:2   | Reached XP level 13. HP: 50/117 MP: 12/12
 11188 | Lair:2   | Found a transporter.
 11474 | Lair:2   | Found a transporter.
 11504 | Lair:2   | Noticed snackwell's ghost (journeyman SpEn)
 11506 | Lair:2   | Found a one-way gate to the infinite horrors of the Abyss.
 12798 | Lair:3   | Found a runed translucent gate.
 12798 | Lair:3   | Found a runed translucent gate.
 12798 | Lair:3   | Found a runed translucent gate.
 12798 | Lair:3   | Noticed Umoon's ghost (journeyman TrDe)
 12833 | Lair:3   | Killed Umoon's ghost
 13009 | Lair:3   | Received a gift from Trog
 13021 | Lair:3   | Found a staircase to the Shoals.
 13037 | Shoals:1 | Entered Level 1 of the Shoals
 13037 | Shoals:1 | Noticed Mlioglotl
 13047 | Shoals:1 | Killed Mlioglotl
 13048 | Shoals:1 | Reached skill level 13 in Axes
 13621 | Lair:3   | Found a staircase to the Snake Pit.
 14007 | Shoals:1 | Noticed a kraken
 14100 | Shoals:1 | HP: 7/178 [merfolk aquamancer/torrent of water (7)]
 14103 | Shoals:1 | HP: 2/178 [sea snake (10)]
 14108 | Shoals:1 | HP: 1/178 [merfolk aquamancer/ball of steam (26)]
 14109 | Shoals:1 | Engulfed by a merfolk aquamancer's steam

Illustrated notes

Levels and vault maps discovered:
D:1:      dpeg_arrival_tiny_a, layout_basic, shapermc_ecumenical_altar_venn
D:2:      layout_basic, st_stairs_7, minmay_shallow_snake_nest
D:3:      layout_basic, mainiacjoe_overflow_small_starburst,
          mainiacjoe_overflow_alcove_2, grunt_ministairs_1
D:4:      layout_loops_ring, minmay_temple_entry_gardened_gates, serial_shops,
          kennysheep_little_box, grunt_ministairs_5, uniq_menkaure, uniq_robin
D:5:      layout_loops_ring, mainiacjoe_overflow_concentric_impassable,
          makhleb_blood_cavern_becter, enter_ossuary_5, serial_shops, shop,
          nicolae_shop_trees, shop
D:6:      layout_loops_ring, jmf_multi_god_temple
D:7:      layout_basic, vehumet_crystals
D:8:      layout_loops_ring, overflow_temple_1_default, st_stairs_9
D:9:      layout_basic, erik_lair_dragon
Lair:1:   layout_gridlike, chequers_serial_rivers_large_a, minmay_hedge_maze,
          uniq_gastronok
Lair:2:   layout_small_grid, gammafunk_ghost_abyssal_escape, grunt_megastairs_5,
          infiniplex_staircase_pool
Lair:3:   layout_loops_ring, elwin_shoals_entry_rocks,
          minmay_snake_entry_guardpost_small, ebering_ghost_rock_garden
Shoals:1: layout_shoals, ebering_ghost_xom, nicolae_shoals_aquamancer_cove,
          uniq_mlioglotl

Skill      XL: |  1  2  3  4  5  6  7  8  9 10 11 12 13 |
---------------+----------------------------------------+-----
Fighting       | 4 5 6 7 8 9 11 12 | 12.8
Axes           | 4 5 6 7 8 10 12 13 | 13.3
Armour         | 3 4 5 6 8 9 11 12 | 12.9
Shields        | 1 2 3 4 5 7 8 11 12 | 12.5
Dodging        | 3 4 6 7 8 10 11 | 11.9

Action                   |  1- 3 |  4- 6 |  7- 9 | 10-12 | 13-15 || total
-------------------------+-------+-------+-------+-------+-------++-------
Melee: Hand axe          |    68 |    74 |   230 |   266 |   146 ||   784
       Headbutt          |     9 |    17 |    81 |    94 |    82 ||   283
       War axe           |       |       |       |       |    41 ||    41
Invok: Berserk           |     2 |     2 |     7 |     4 |     5 ||    20
       Trog's Hand       |       |       |     4 |     3 |     6 ||    13
       Brothers in Arms  |       |       |       |     1 |     3 ||     4
Evoke: Wand              |       |       |     3 |     6 |     8 ||    17
  Use: Scroll            |     5 |     9 |    10 |     8 |     3 ||    35
       Potion            |       |       |     4 |     4 |    12 ||    20
Armor: Animal skin       |    10 |     3 |       |       |       ||    13
       Chain mail        |       |    22 |    69 |    48 |    50 ||   189
       Ring mail         |       |     1 |       |       |       ||     1
       Skin              |       |       |       |       |    17 ||    17
Dodge: Dodged            |    28 |    18 |    32 |    31 |    60 ||   169
Block: Tower shield      |    32 |    47 |   195 |     9 |       ||   283
       Kite shield       |       |       |       |   293 |   350 ||   643

Table legend: (Time is in decaauts)
 A = Elapsed time spent in this place.
 B = Non-inter-level travel time spent in this place.
 C = Inter-level travel time spent in this place.
 D = Time resting spent in this place.
 E = Time spent auto-exploring this place.
 F = Levels seen in this place.
 G = Mean time per level.
                   A        B        C        D        E       F      G
               +--------+--------+--------+--------+--------+-----+--------+
         Total |  14331 |  13567 |    764 |   1893 |   9363 |  14 | 1023.6 |
       Dungeon |   9167 |   8488 |    679 |    394 |   6734 |   9 | 1018.6 |
          Lair |   4178 |   4093 |     85 |   1122 |   2318 |   3 | 1392.7 |
        Shoals |    139 |    139 |      0 |     60 |      0 |   1 |  139.0 |
       Ossuary |    845 |    845 |      0 |    315 |    311 |   1 |  845.0 |
               +--------+--------+--------+--------+--------+-----+--------+

Top non-repeatable levels by time:
  Lair:3: 1829 daAuts
     D:9: 1310 daAuts
     D:4: 1287 daAuts
  Lair:2: 1220 daAuts
     D:2: 1208 daAuts
  Lair:1: 1127 daAuts
     D:1: 1050 daAuts
     D:5: 947 daAuts
     D:3: 931 daAuts
     D:7: 900 daAuts
     D:8: 882 daAuts
 Ossuary: 845 daAuts
     D:6: 649 daAuts
Shoals:1: 139 daAuts
